 Dungeon Crawl Stone Soup version 0.30-a0-586-g23e55c9e0a (webtiles) character file.

Game seed: 1161978088844460169

973 drugrobin the Insei (level 7, -2/84 HPs)
             Began as a Demigod Delver on Jan 3, 2023.
             Slain by a hound (4 damage)
             ... on level 6 of the Dungeon.
             The game lasted 00:13:34 (5216 turns).

drugrobin the Insei (Demigod Delver)                Turns: 5216, Time: 00:13:35

Health: -2/84      AC: 23    Str: 17    XL:     7   Next: 62%
Magic:  9/9        EV:  2    Int: 18    God:
Gold:   294        SH:  8    Dex: 19    Spells: 6/6 levels left

rFire   . . .      SeeInvis .      - Unarmed
rCold   . . .      Faith    .    v - +0 kite shield
rNeg    . . .      Spirit   .    (body armour currently unavailable)
rPois   +          Reflect  .    (helmet currently unavailable)
rElec   .          Harm     .    (cloak currently unavailable)
rCorr   .          Rampage  .    (gloves currently unavailable)
Will    .....      NoTele   +    (boots currently unavailable)
Stlth   +++                      (no amulet)
HPRegen 0.34/turn                D - +6 ring of intelligence
MPRegen 0.11/turn                (no ring)

@: tree-form
A: stationary, stasis, torment immunity, boosted hp, high MP 1, forlorn, divine
attributes
a: no special abilities


You were on level 6 of the Dungeon.
You were a tree.
You visited 1 branch of the dungeon, and saw 6 of its levels.

You collected 348 gold pieces.
You spent 54 gold pieces at shops.

Inventory:

Hand Weapons
 b - a +0 dagger of venom
 q - a +0 dagger of electrocution
Missiles
 t - 4 poisoned darts (quivered)
Armour
 a - a +2 scale mail of willpower (melded)
 v - a +0 kite shield (worn)
 E - a +1 cloak (melded)
 H - a +0 pair of gloves (melded)
Jewellery
 D - a +6 ring of intelligence (left branch)
Wands
 f - a wand of digging (3)
 h - a wand of mindburst (11)
 k - a wand of flame (6)
 F - a wand of iceblast (7)
Scrolls
 c - 2 scrolls of magic mapping
 d - 3 scrolls of fear
 g - 2 scrolls of enchant armour {unknown}
 n - a scroll of fog
 o - 4 scrolls of teleportation {unknown}
 r - 6 scrolls of identify {unknown}
 s - a scroll of immolation {unknown}
 x - a scroll of amnesia {unknown}
 y - a scroll of silence {unknown}
 A - 2 scrolls of noise {unknown}
Potions
 e - a potion of haste
 i - 5 potions of cancellation {unknown}
 j - 2 potions of attraction {unknown}
 l - 3 potions of lignification
 m - 4 potions of flight {unknown}
 p - 2 potions of curing {unknown}
 u - a potion of heal wounds {unknown}
 w - a potion of invisibility {unknown}
 z - a potion of degeneration {unknown}
 B - a potion of berserk rage {unknown}
 C - a potion of ambrosia {unknown}
 G - a potion of brilliance {unknown}
 I - a potion of mutation {unknown}


   Skills:
 - Level 2.6 Fighting
 - Level 1.7 Dodging
 - Level 4.5 Stealth
 + Level 6.5 Unarmed Combat
 + Level 5.2 Evocations


You had 6 spell levels left.
You didn't know any spells.
Your spell library contained the following spells:

 Spells                   Type           Power      Damage    Failure   Level
 Sandblast                Erth           0%         2d4       63%         1
 Passwall                 Tmut/Erth      0%         N/A       77%         2
 Stone Arrow              Conj/Erth      0%         3d7       94%         3


Dungeon Overview and Level Annotations

Branches:
Dungeon (6/15)             Temple (0/1) D:6

Shops:
D:1 *   D:4 *

Annotations:
D:5 3 runed translucent doors, Juicyj's ghost, amateur MiGl


Innate Abilities, Weirdness & Mutations

You are a tree.
Your roots penetrate the ground, keeping you stationary.
You cannot be teleported.
You are immune to unholy pain and torment.
Your maximum health is greatly increased.
Your equipment is partially melded.
You have an increased reservoir of magic. (+10% MP)
You shall have no god before yourself.
Your divine heritage dramatically boosts your attributes as you level up.


Message History

You hit the phantom.
The phantom is almost destroyed.
The hound bites you but does no damage. You block the phantom's attack.
The hound bites you.
* * * LOW HITPOINT WARNING * * *
The phantom hits you.
* * * LOW HITPOINT WARNING * * *
The phantom blinks!
You blink.
Found a cloak.
Unknown command.
Unknown command.
Unknown command.
Unknown command.
Unknown command.
Unknown command.
It was a potion of lignification.
You turn into a tree.
Your +1 cloak melds into your body.
Your +0 pair of gloves melds into your body.
Your +2 scale mail of willpower melds into your body.
You feel less strong-willed.
Your roots penetrate the ground.
The phantom hits you but does no damage.
Okay, then.
Unknown command.
You smack the phantom!
You destroy the phantom!
The hound bites you but does no damage.
You hit the hound.
The hound is heavily wounded.
The hound bites you but does no damage. The hound bites you.
* * * LOW HITPOINT WARNING * * *
Unknown command.
Unknown command.
You hit the hound.
The hound is almost dead.
You block the hound's attack.
Unknown command.
Unknown command.
You closely miss the hound.
The hound is almost dead.
You block the hound's attack. The hound bites you.
You die...

#.#.## #.........#
###.#..# #.........#
##...##.# #.........#
...####.# #####.....>....
...####.###...$........#
............###..........
.#..........###..........
.#..........#...h..≈≈≈≈≈≈
................♣..≈.!...
...>.....†...##....≈.####
............####[....#
...........)# ##..≈.#
...#####.#### #.≈... ..#
#.# .≈.### .. .≈.[ ..$
.≈≈≈≈ ...


You could see a hound.

Vanquished Creatures
  Grinder (D:3)
  2 phantoms
  3 scorpions
  A hound (D:4)
  Terence (D:3)
  3 iguanas
  Natasha (twice) (D:3)
  4 gnolls (D:3)
  12 adders
  2 white imps
  An ufetubus (D:4)
  2 worms
  A dart slug (D:4)
  16 orcs
  7 bats
  8 endoplasms
  6 giant cockroaches
  7 goblins
  2 hobgoblins
  4 jackals
  6 kobolds
  6 quokkas
  7 ball pythons
  3 frilled lizards
  A rat (D:1)
108 creatures vanquished.

Vanquished Creatures (others)
  3 fungi (D:5)
  A plant (D:5)
4 creatures vanquished.

Grand Total: 112 creatures vanquished

Notes
Turn   | Place    | Note
-------+----------+-------------------------------------------
     0 | D:5      | drugrobin the Demigod Delver began the quest for the Orb.
     0 | D:5      | Reached XP level 1. HP: 18/18 MP: 3/3
    12 | D:5      | Reached skill level 2 in Unarmed Combat
    57 | D:5      | Noticed a scorpion
    85 | D:4      | Reached XP level 2. HP: 12/25 MP: 4/4
   249 | D:3      | Reached skill level 3 in Unarmed Combat
   421 | D:3      | Reached XP level 3. HP: 29/30 MP: 5/5
   852 | D:1      | Found Houbb's General Store.
  1033 | D:1      | Reached skill level 1 in Evocations
  1165 | D:1      | Reached XP level 4. HP: 33/37 MP: 6/6
  1609 | D:1      | Reached skill level 4 in Unarmed Combat
  2953 | D:3      | Reached XP level 5. HP: 38/42 MP: 7/7
  3012 | D:3      | Noticed Terence
  3024 | D:3      | Killed Terence
  3258 | D:4      | Noticed Grinder
  3259 | D:4      | Noticed Natasha
  3270 | D:3      | Killed Natasha
  3339 | D:4      | Noticed an orc warrior
  3343 | D:3      | Killed Grinder
  3344 | D:3      | Reached skill level 5 in Unarmed Combat
  3344 | D:3      | Reached XP level 6. HP: 50/50 MP: 8/8
  3383 | D:3      | Noticed Natasha
  3390 | D:3      | Killed Natasha
  3656 | D:4      | Found Ynlorch's Elemental Accessories.
  3714 | D:4      | Bought a wand of flame (6) for 54 gold pieces
  3876 | D:4      | Reached XP level 7. HP: 49/56 MP: 9/9
  4537 | D:5      | Found a runed translucent gate.
  4538 | D:5      | Found a runed translucent gate.
  4550 | D:5      | Found a runed translucent gate.
  4551 | D:5      | Noticed Juicyj's ghost (amateur MiGl)
  4842 | D:5      | Reached skill level 6 in Unarmed Combat
  5075 | D:6      | Found a staircase to the Ecumenical Temple.
  5119 | D:6      | Reached skill level 5 in Evocations
  5214 | D:6      | HP: 2/84 [hound (4)]
  5216 | D:6      | Slain by a hound

Illustrated notes

Levels and vault maps discovered:
D:1:      sevenhm_arrival_forest_fort_large_2, layout_loops_ring, serial_shops,
          shop
D:2:      layout_basic, minmay_misc_feat_five, minivault_24, st_stairs_13
D:3:      layout_loops_cross, nicolae_ecumenical_pavilion, uniq_terence
D:4:      layout_rooms, general_overflow_altar, mainiacjoe_overflow_boulevard,
          nicolae_dithmenos_the_darkroom, okawaru_trees_1, grunt_decor_junction,
          nicolae_elemental_shop, corexii_leaking_fountain,
          minmay_fractal_squares_diagonal_5, uniq_natasha, uniq_grinder
D:5:      layout_cave_pods, nicolae_ru_sacrificial_ziggurat,
          gammafunk_ghost_nasty_kobolds
D:6:      layout_rooms, mainiacjoe_overflow_brackets,
          minmay_temple_entry_purple_smoke

Skill      XL: |  1  2  3  4  5  6  7 |
---------------+----------------------+-----
Unarmed Combat | 2 3 4 5 6 |  6.5
Evocations     | 1 2 3 4 5 |  5.2
Fighting       | |  2.6
Dodging        | |  1.7
Stealth        | |  4.5

Action                   |  1- 3 |  4- 6 |  7- 9 || total
-------------------------+-------+-------+-------++-------
Melee: Unarmed           |   120 |   245 |   130 ||   495
       Punch             |     2 |       |       ||     2
       Dagger            |       |     2 |       ||     2
Throw: Dart              |     5 |     3 |    12 ||    20
Evoke: Wand              |     5 |     5 |       ||    10
  Use: Scroll            |       |     1 |       ||     1
       Potion            |       |       |     1 ||     1
 Stab: Sleeping          |     7 |     5 |     2 ||    14
       Distracted        |       |     1 |       ||     1
Armor: Leather armour    |    29 |    18 |       ||    47
       Ring mail         |       |     2 |       ||     2
       Scale mail        |       |    66 |    71 ||   137
       Skin              |       |       |     3 ||     3
Dodge: Dodged            |    80 |   100 |    41 ||   221
Block: Kite shield       |       |   102 |    49 ||   151

Table legend: (Time is in decaauts)
 A = Elapsed time spent in this place.
 B = Non-inter-level travel time spent in this place.
 C = Inter-level travel time spent in this place.
 D = Time resting spent in this place.
 E = Time spent auto-exploring this place.
 F = Levels seen in this place.
 G = Mean time per level.
                   A        B        C        D        E       F      G
               +--------+--------+--------+--------+--------+-----+--------+
         Total |   5255 |   5049 |    206 |    509 |   3047 |   6 |  875.8 |
       Dungeon |   5255 |   5049 |    206 |    509 |   3047 |   6 |  875.8 |
               +--------+--------+--------+--------+--------+-----+--------+

Top non-repeatable levels by time:
     D:3: 1584 daAuts
     D:2: 1063 daAuts
     D:5: 857 daAuts
     D:4: 821 daAuts
     D:1: 783 daAuts
     D:6: 145 daAuts
